XFBL
CINCINNATI REDS @ NEW YORK METS
09/04/1982
 
TOP OF THE 1ST
Cincinnati Reds batting - Pitching for New York Mets : LHP Rick Jones
Pitching: LHP Rick Jones
Batting: RHB Jim Anderson 0-0: Ball
1-0: Swinging Strike
1-1: Ball
2-1: Foul Ball, location: 2F
2-2: Foul Ball, location: 2F
2-2: Strikes out swinging
Batting: RHB Marco Mosquera 0-0: Swinging Strike
0-1: Ball
1-1: Foul Ball, location: 2F
1-2: Ground out 4-3 (Groundball, 4, EV 87.5 MPH)
Batting: RHB Gary Matthews 0-0: Ball
1-0: Ball
2-0: Ground out 6-3 (Groundball, 6, EV 103.8 MPH)
Top of the 1st over - 0 runs, 0 hits, 0 errors, 0 left on base; Cincinnati 0 - New York 0
BOTTOM OF THE 1ST
New York Mets batting - Pitching for Cincinnati Reds : RHP Larry Dierker
Pitching: RHP Larry Dierker
Batting: LHB Lyman Bostock 0-0: Ball
1-0: Ball
2-0: TRIPLE (Flyball, 78XD, EV 88.1 MPH)
Batting: RHB Dave Concepcion 0-0: Called Strike
0-1: Ground out 6-3 (Groundball, 6, EV 105.0 MPH)
Lyman Bostock scores
Batting: LHB John Kruk 0-0: Called Strike
0-1: Foul Ball, location: 2F
0-2: Ball
1-2: Foul Ball, location: 2F
1-2: Foul Ball, location: 2F
1-2: Strikes out looking
Batting: RHB Garry Maddox 0-0: Ball
1-0: Fly out, F8 (Line Drive, 8LD, EV 91.3 MPH)
Bottom of the 1st over - 1 run, 1 hit, 0 errors, 0 left on base; Cincinnati 0 - New York 1
TOP OF THE 2ND
Cincinnati Reds batting - Pitching for New York Mets : LHP Rick Jones
Batting: LHB Mike Easler 0-0: Called Strike
0-1: Ball
1-1: Ball
2-1: Ball
3-1: Base on Balls
Batting: RHB Johnny Bench 0-0: Ball
1-0: Called Strike
1-1: Ball
2-1: Foul Ball, location: 2F
2-2: Foul Ball, location: 2F
2-2: Foul Ball, location: 2F
2-2: Ball
3-2: Base on Balls
Mike Easler to second
Batting: LHB Darrell Evans 0-0: Called Strike
0-1: Swinging Strike
0-2: Foul Ball, location: 2F
0-2: Ball
1-2: Foul Ball, location: 2F
1-2: Foul Ball, location: 2F
1-2: Ball
2-2: Strikes out swinging
Batting: RHB Nick Deurloo 0-0: Ball
1-0: Foul Ball, location: 2F
1-1: Ball
2-1: Ball
3-1: Fly out, F8 (Flyball, 8RD, EV 84.4 MPH)
Batting: RHB Jesus Alfaro 0-0: Ball
1-0: Called Strike
1-1: Ball
2-1: Foul Ball, location: 2F
2-2: Foul Ball, location: 2F
2-2: Fly out, F8 (Flyball, 8RM, EV 90.6 MPH)
Top of the 2nd over - 0 runs, 0 hits, 0 errors, 2 left on base; Cincinnati 0 - New York 1
BOTTOM OF THE 2ND
New York Mets batting - Pitching for Cincinnati Reds : RHP Larry Dierker
Batting: SHB Ken Singleton 0-0: Called Strike
0-1: Ball
1-1: Foul Ball, location: 2F
1-2: Ground out 4-3 (Groundball, 4, EV 88.8 MPH)
Batting: RHB Brad Komminsk 0-0: Foul Ball, location: 2F
0-1: Swinging Strike
0-2: Ball
1-2: Strikes out swinging
Batting: RHB Bill Almon 0-0: Foul Ball, location: 2F
0-1: Ball
1-1: Swinging Strike
1-2: Strikes out swinging
Bottom of the 2nd over - 0 runs, 0 hits, 0 errors, 0 left on base; Cincinnati 0 - New York 1
TOP OF THE 3RD
Cincinnati Reds batting - Pitching for New York Mets : LHP Rick Jones
Batting: RHB Larry Dierker 0-0: Ball
1-0: Called Strike
1-1: Foul Ball, location: 2F
1-2: Ball
2-2: Foul Ball, location: 2F
2-2: Strikes out swinging
Batting: RHB Jim Anderson 0-0: SOLO HOME RUN (Flyball, 7D, EV 101.9 MPH), Distance : 375 ft
Batting: RHB Marco Mosquera 0-0: Called Strike
0-1: Ball
1-1: Ball
2-1: Foul Ball, location: 2F
2-2: Foul Ball, location: 2F
2-2: Ball
3-2: Foul Ball, location: 2F
3-2: DOUBLE (Line Drive, 7LD, EV 109.4 MPH)
Batting: RHB Gary Matthews 0-0: Ball
1-0: Ball
2-0: Fly out, F5 (Flyball, 5D, EV 84.4 MPH)
Batting: LHB Mike Easler 0-0: Ball
1-0: SINGLE (Groundball, 4MD, EV 100.6 MPH)
Marco Mosquera to third
Runner from 3rd tries for Home, SAFE, throw by CF to home
Batting: RHB Johnny Bench 0-0: Ball
1-0: Foul Ball, location: 2F
1-1: Fly out, F6 (Popup, P, EV 78.8 MPH)
Top of the 3rd over - 2 runs, 3 hits, 0 errors, 1 left on base; Cincinnati 2 - New York 1
BOTTOM OF THE 3RD
New York Mets batting - Pitching for Cincinnati Reds : RHP Larry Dierker
Batting: RHB Jason Sickman 0-0: SINGLE (Line Drive, 78S, EV 106.9 MPH)
Batting: LHB Rick Jones 0-0: Sac Bunt to 13 - play at first, batter OUT! 1-4
Jason Sickman to second
Batting: LHB Lyman Bostock 0-0: Foul Ball, location: 2F
0-1: Ground out 5-3 (Groundball, 56S, EV 70.0 MPH)
Jason Sickman to third
Batting: RHB Dave Concepcion 0-0: Ball
1-0: SINGLE (Groundball, 56, EV 103.1 MPH) (infield hit)
Jason Sickman scores
Batting: LHB John Kruk 0-0: Ball
1-0: Foul Ball, location: 2F
1-1: Reached on error, E4 (Groundball, 4, EV 83.8 MPH)
Dave Concepcion to second
Batting: RHB Garry Maddox 0-0: Called Strike
0-1: Ball
1-1: Fly out, F9 (Flyball, 9D, EV 103.8 MPH)
Bottom of the 3rd over - 1 run, 2 hits, 1 error, 2 left on base; Cincinnati 2 - New York 2
TOP OF THE 4TH
Cincinnati Reds batting - Pitching for New York Mets : LHP Rick Jones
Batting: LHB Darrell Evans 0-0: Foul Ball, location: 2F
0-1: Swinging Strike
0-2: Strikes out swinging
Batting: RHB Nick Deurloo 0-0: Called Strike
0-1: SINGLE (Line Drive, 9S, EV 97.5 MPH)
Batting: RHB Jesus Alfaro 0-0: Ball
1-0: Ball
2-0: Grounds into double play, 6-4-3 (Groundball, 6, EV 81.3 MPH)
Top of the 4th over - 0 runs, 1 hit, 0 errors, 0 left on base; Cincinnati 2 - New York 2
BOTTOM OF THE 4TH
New York Mets batting - Pitching for Cincinnati Reds : RHP Larry Dierker
Batting: SHB Ken Singleton 0-0: Foul Ball, location: 2F
0-1: Ground out 6-3 (Groundball, P, EV 86.3 MPH)
Batting: RHB Brad Komminsk 0-0: Ball
1-0: Called Strike
1-1: Swinging Strike
1-2: Strikes out swinging
Batting: RHB Bill Almon 0-0: Ball
1-0: Fly out, F9 (Flyball, 9LS, EV 80.6 MPH)
Bottom of the 4th over - 0 runs, 0 hits, 0 errors, 0 left on base; Cincinnati 2 - New York 2
TOP OF THE 5TH
Cincinnati Reds batting - Pitching for New York Mets : LHP Rick Jones
Batting: RHB Larry Dierker 0-0: Ball
1-0: Called Strike
1-1: Swinging Strike
1-2: Strikes out swinging, 2-3 out at first.
Batting: RHB Jim Anderson 0-0: Fly out, F5 (Popup, 5F, EV 68.8 MPH)
Batting: RHB Marco Mosquera 0-0: Ball
1-0: SINGLE (Groundball, 5D, EV 94.4 MPH)
Batting: RHB Gary Matthews 0-0: Ball
1-0: Called Strike
1-1: Ball
2-1: Foul Ball, location: 2F
2-2: SINGLE (Flyball, 3D, EV 86.3 MPH)
Marco Mosquera to second
Runner from 2nd tries for 3rd, SAFE, throw by RF made to third
Batting: LHB Mike Easler 0-0: Called Strike
0-1: Ball
1-1: Ball
2-1: Ball
3-1: SINGLE (Groundball, 6MD, EV 95.0 MPH)
Marco Mosquera scores
Gary Matthews to second
Runner from 2nd tries for 3rd, SAFE, throw by CF made to third
Batting: RHB Johnny Bench 0-0: Ground out 4-3 (Groundball, 34, EV 107.5 MPH)
Top of the 5th over - 1 run, 3 hits, 0 errors, 2 left on base; Cincinnati 3 - New York 2
BOTTOM OF THE 5TH
New York Mets batting - Pitching for Cincinnati Reds : RHP Larry Dierker
Batting: RHB Jason Sickman 0-0: Fly out, F5 (Popup, 5SF, EV 75.6 MPH)
Batting: LHB Rick Jones 0-0: Ball
1-0: Foul Ball, location: 2F
1-1: Ground out U3 (Groundball, 3, EV 88.1 MPH)
Batting: LHB Lyman Bostock 0-0: Called Strike
0-1: Called Strike
0-2: Ball
1-2: Ground out 4-3 (Groundball, 4M, EV 105.6 MPH)
Bottom of the 5th over - 0 runs, 0 hits, 0 errors, 0 left on base; Cincinnati 3 - New York 2
TOP OF THE 6TH
Cincinnati Reds batting - Pitching for New York Mets : LHP Rick Jones
Batting: LHB Darrell Evans 0-0: Ball
1-0: SINGLE (Line Drive, 56, EV 97.5 MPH)
Batting: RHB Nick Deurloo 0-0: Ball
1-0: Sac Bunt to 13 - play at first, batter OUT! 1-3
Darrell Evans to second
Batting: RHB Jesus Alfaro 0-0: Called Strike
0-1: Foul Ball, location: 2F
0-2: Foul Ball, location: 2F
0-2: SINGLE (Groundball, 34D, EV 94.4 MPH)
Darrell Evans to third
Runner from 3rd tries for Home, SAFE, throw by RF to home
Batting: RHB Larry Dierker 0-0: Sac Bunt to 13 - play at first, batter OUT! 1-4
Jesus Alfaro to second
Batting: RHB Jim Anderson 0-0: Ball
1-0: Ground out 2-3 (Groundball, 13S, EV 61.9 MPH)
Top of the 6th over - 1 run, 2 hits, 0 errors, 1 left on base; Cincinnati 4 - New York 2
BOTTOM OF THE 6TH
New York Mets batting - Pitching for Cincinnati Reds : RHP Larry Dierker
Batting: RHB Dave Concepcion 0-0: Ground out 6-3 (Groundball, 6D, EV 100.0 MPH)
Batting: LHB John Kruk 0-0: Foul Ball, location: 2F
0-1: Reached on error, E5 (Groundball, 5, EV 83.1 MPH)
Batting: RHB Garry Maddox 0-0: Ball
1-0: Called Strike
1-1: Ball
2-1: Fly out, F8 (Flyball, 8RD, EV 98.1 MPH)
Batting: SHB Ken Singleton 0-0: Fly out, F8 (Flyball, 78XD, EV 81.9 MPH)
Bottom of the 6th over - 0 runs, 0 hits, 1 error, 1 left on base; Cincinnati 4 - New York 2
TOP OF THE 7TH
Cincinnati Reds batting - Pitching for New York Mets : LHP Rick Jones
Batting: RHB Marco Mosquera 0-0: Called Strike
0-1: Fly out, F8 (Flyball, 8RM, EV 83.8 MPH)
Batting: RHB Gary Matthews 0-0: Called Strike
0-1: Ball
1-1: Called Strike
1-2: Ball
2-2: Ball
3-2: Strikes out swinging
Batting: LHB Mike Easler 0-0: Called Strike
0-1: Swinging Strike
0-2: Foul Ball, location: 2F
0-2: Foul Ball, location: 2F
0-2: Ball
1-2: SINGLE (Line Drive, 8RS, EV 93.1 MPH)
Batting: RHB Johnny Bench 0-0: Ball
Wild Pitch!
Mike Easler to second
1-0: Foul Ball, location: 2F
1-1: Swinging Strike
1-2: Foul Ball, location: 2F
1-2: Ground out 6-3 (Groundball, 56, EV 84.4 MPH)
Top of the 7th over - 0 runs, 1 hit, 0 errors, 1 left on base; Cincinnati 4 - New York 2
BOTTOM OF THE 7TH
New York Mets batting - Pitching for Cincinnati Reds : RHP Larry Dierker
Batting: RHB Brad Komminsk 0-0: Ball
1-0: Foul Ball, location: 2F
1-1: Fly out, F8 (Flyball, 8RD, EV 88.1 MPH)
Batting: RHB Bill Almon 0-0: Ball
1-0: Ball
2-0: Ground out 5-3 (Groundball, 5, EV 84.4 MPH)
Batting: RHB Jason Sickman 0-0: Ball
1-0: Ball
2-0: Foul Ball, location: 2F
2-1: Swinging Strike
2-2: Ball
3-2: Ground out 6-3 (Groundball, 6S, EV 88.1 MPH)
Bottom of the 7th over - 0 runs, 0 hits, 0 errors, 0 left on base; Cincinnati 4 - New York 2
TOP OF THE 8TH
Cincinnati Reds batting - Pitching for New York Mets : LHP Rick Jones
Batting: LHB Darrell Evans 0-0: Called Strike
0-1: Ball
1-1: Foul Ball, location: 2F
1-2: Ball
2-2: Ground out 4-3 (Groundball, 34, EV 110.0 MPH)
Batting: RHB Nick Deurloo 0-0: Called Strike
0-1: Swinging Strike
0-2: Strikes out swinging
Batting: RHB Jesus Alfaro 0-0: Ball
1-0: Fly out, F7 (Flyball, 7, EV 78.1 MPH)
Top of the 8th over - 0 runs, 0 hits, 0 errors, 0 left on base; Cincinnati 4 - New York 2
BOTTOM OF THE 8TH
New York Mets batting - Pitching for Cincinnati Reds : RHP Larry Dierker
Pinch Hitting: LHB Alamazoo White 0-0: Called Strike
0-1: Foul Ball, location: 2F
0-2: Foul Ball, location: 2F
0-2: Ball
1-2: Foul Ball, location: 2F
1-2: Ball
2-2: Fly out, F7 (Flyball, 7D, EV 97.5 MPH)
Batting: LHB Lyman Bostock 0-0: Ball
1-0: Ball
2-0: Foul Ball, location: 2F
2-1: Called Strike
2-2: Ball
3-2: Ground out 3-1 (Groundball, 34, EV 85.6 MPH)
Batting: RHB Dave Concepcion 0-0: Ball
1-0: Foul Ball, location: 2F
1-1: Ball
2-1: Ground out 5-3 (Groundball, 56S, EV 62.5 MPH)
Bottom of the 8th over - 0 runs, 0 hits, 0 errors, 0 left on base; Cincinnati 4 - New York 2
TOP OF THE 9TH
Cincinnati Reds batting - Pitching for New York Mets : LHP Rick Jones
Pitching: LHP Rich Wortham
Batting: RHB Larry Dierker 0-0: Called Strike
0-1: Swinging Strike
0-2: Ball
1-2: Foul Ball, location: 2F
1-2: Strikes out swinging
Batting: RHB Jim Anderson 0-0: Ball
1-0: Ball
2-0: TRIPLE (Flyball, 7LD, EV 102.5 MPH)
Batting: RHB Marco Mosquera 0-0: Called Strike
Steal of home, Jim Anderson is out
0-1: Ball
1-1: Foul Ball, location: 2F
1-2: Foul Ball, location: 2F
1-2: Fly out, F9 (Flyball, 9LD, EV 96.3 MPH)
Top of the 9th over - 0 runs, 1 hit, 0 errors, 0 left on base; Cincinnati 4 - New York 2
BOTTOM OF THE 9TH
New York Mets batting - Pitching for Cincinnati Reds : RHP Larry Dierker
Now in RF: Jim Bennett
Batting: LHB John Kruk 0-0: Fly out, F7 (Flyball, 7, EV 95.0 MPH)
Batting: RHB Garry Maddox 0-0: SOLO HOME RUN (Line Drive, 7D, EV 105.0 MPH), Distance : 382 ft
Pitching: RHP Jay Dillard
Batting: SHB Ken Singleton 0-0: Ground out 4-3 (Groundball, 4S, EV 83.1 MPH)
Batting: RHB Brad Komminsk 0-0: Called Strike
0-1: Ball
1-1: Swinging Strike
1-2: Ball
2-2: Strikes out looking
Bottom of the 9th over - 1 run, 1 hit, 0 errors, 0 left on base; Cincinnati 4 - New York 3
Thursday, August 27th, 2020 - OOTP Baseball 21.5 Build 76